 Dungeon Crawl Stone Soup version 0.24-a0-584-g9d6b971ae4 (webtiles) character file.

Game seed: 2164738848093964067, levelgen mode: deterministic

47 BigAxe the Grave Robber (level 3, -3/24 HPs)
             Began as a Human Necromancer on Sept 6, 2019.
             Killed by nerve-wracking pain
             ... invoked by a shadow imp
              (7 damage)
             ... on level 2 of the Dungeon.
             The game lasted 00:12:48 (1412 turns).

BigAxe the Grave Robber (Human Necromancer)         Turns: 1412, Time: 00:12:49

Health: -3/24      AC:  3    Str:  8    XL:     3   Next: 97%
Magic:  1/6        EV: 12    Int: 16    God:
Gold:   24         SH:  0    Dex: 13    Spells: 2/7 levels left

rFire    . . .     SeeInvis .   (no weapon)
rCold    . . .     Gourm    .   (no shield)
rNeg     . . .     Faith    .   a - +1 robe
rPois    .         Spirit   .   (no helmet)
rElec    .         Reflect  .   (no cloak)
rCorr    .         Harm     .   (no gloves)
MR       .....                  (no boots)
Stlth    ++........             (no amulet)
HPRegen  0.08/turn              (no ring)
MPRegen  0.10/turn              (no ring)

@: no status effects
A: no striking features
a: no special abilities


You were on level 2 of the Dungeon.
You were not hungry.

You visited 1 branch of the dungeon, and saw 2 of its levels.

You collected 24 gold pieces.

Inventory:

Armour
 a - a +1 robe (worn)
Scrolls
 d - a scroll of remove curse {unknown}
 k - a scroll of identify
Potions
 e - a potion of cancellation {unknown}
Comestibles
 b - 2 chunks of flesh
 c - 3 rations


   Skills:
 + Level 2.2 Dodging
 + Level 2.3 Stealth
 + Level 0.2 Unarmed Combat
 + Level 2.5 Spellcasting
 + Level 4.6 Necromancy


You had 2 spell levels left.
You knew the following spells:

 Your Spells              Type           Power        Failure   Level  Hunger
a - Pain                  Necr           ###.         3%          1    #......
b - Animate Skeleton      Necr           N/A          3%          1    #......
c - Regeneration          Chrm/Necr      #.........   22%         3    ###....

Your spell library contained the following spells:

 Spells                   Type           Power        Failure   Level  Hunger
 Vampiric Draining        Necr           ###.......   9%          3    ###....
 Animate Dead             Necr           N/A          28%         4    #####..


Dungeon Overview and Level Annotations

Branches:
Dungeon (2/15)

Altars:


Message History

The shadow imp gestures at you. Pain shoots through your body!
* * * LOW HITPOINT WARNING * * *
Casting: Pain (safe; 3% risk of failure)
Confirm with . or Enter, or press ? or * to list all spells.
Aiming: Pain (safe; 3% risk of failure)
Press: ? - help, Shift-Dir - straight line, f/p - leopard gecko
Aim: a leopard gecko (heavily wounded, chance to defeat MR: 87%)
The leopard gecko writhes in agony!
You kill the leopard gecko!
Some of the chunks of flesh in your inventory have rotted away.
You barely miss the shadow imp.
The shadow imp is severely wounded.
The shadow imp completely misses you.
You completely miss the shadow imp.
The shadow imp is severely wounded.
The shadow imp sputters.
The shadow imp gestures at you. Pain shoots through your body!
You die...

..####### ###### #.#
#......
#.############.....)
#.##.....##.........
#.##.....##......#
#'##.....##......#
.>.......'.......+
.........##.†....#
.........##.....@#
.........##.....5#
.........##......#
.........##......###
####.....##........#
......##........#
#........#
######...# ......#


You could see a shadow imp.

Vanquished Creatures
  2 adders (D:2)
  A dart slug (D:1)
  A leopard gecko (D:2)
  2 goblins (D:1)
  2 jackals (D:1)
  A quokka (D:2)
  6 bats (D:1)
  2 kobolds (D:1)
  5 rats (D:1)
22 creatures vanquished.

Vanquished Creatures (collateral kills)
  A dart slug (D:2)
  A giant cockroach (D:1)
  2 goblins (D:1)
  2 hobgoblins (D:1)
  2 kobolds (D:1)
  A rat (D:1)
9 creatures vanquished.

Grand Total: 31 creatures vanquished

Notes
Turn   | Place    | Note
-------+----------+-------------------------------------------
     0 | D:1      | BigAxe the Human Necromancer began the quest for the Orb.
     0 | D:1      | Reached XP level 1. HP: 13/13 MP: 3/3
    16 | D:1      | Learned a level 1 spell: Animate Skeleton
   193 | D:1      | Reached XP level 2. HP: 9/19 MP: 1/5
   960 | D:1      | Reached XP level 3. HP: 17/24 MP: 4/6
  1007 | D:1      | Learned a level 3 spell: Regeneration
  1412 | D:2      | Killed from afar by a shadow imp

Levels and vault maps discovered:
D:1:      elethiomel_arrival_shortcut, layout_basic, minmay_tripent
D:2:      minmay_razor_zed, layout_basic, lemuel_round_altar

Action                   || total
-------------------------++-------
Melee: Unarmed           ||    13
 Cast: Pain              ||    46
       Animate Skeleton  ||    15
       Regeneration      ||     2
  Use: Scroll            ||     4
       Potion            ||     4
  Eat: Chunk             ||     2
Armor: Robe              ||    16
Dodge: Dodged            ||    50

Table legend:
 A = Non-vault XP
 B = Vault XP
 C = Vault XP percentage of total XP
 D = Non-vault monster count
 E = Vault monster count
 F = Vault count percentage of total count
                 A         B        C        D         E       F
            +---------+---------+-------+---------+---------+-------
      Total |      66 |       2 |   2.9 |      29 |       2 |   6.5
            +---------+---------+-------+---------+---------+-------
        D:1 |      33 |       2 |   5.7 |      24 |       2 |   7.7
        D:2 |      33 |       0 |   0.0 |       5 |       0 |   0.0
            +---------+---------+-------+---------+---------+-------
